 Dungeon Crawl Stone Soup version 0.25.1-2-g60ff931 (webtiles) character file.

Game seed: 12129428905558673653

4 MadCatMage the Grave Robber (level 1, -1/13 (14) HPs)
             Began as a Ghoul Necromancer on Sept 15, 2020.
             Slain by a goblin
             ... wielding a +0 club
              (3 damage)
             ... on level 1 of the Dungeon.
             The game lasted 00:04:34 (124 turns).

MadCatMage the Grave Robber (Ghoul Necromancer)      Turns: 124, Time: 00:04:34

HP:   -1/13 (14)    AC:  2    Str: 11    XL:     1   Next: 70%
MP:   1/2           EV: 12    Int: 10    God:
Gold: 32            SH:  0    Dex:  9    Spells: 2/3 levels left

rFire    . . .     SeeInvis .   b - +0 short sword
rCold    + . .     Gourm    .   (no shield)
rNeg     + + +     Faith    .   a - +0 robe
rPois    ∞         Spirit   .   (no helmet)
rElec    .         Reflect  .   (no cloak)
rCorr    .         Harm     .   (no gloves)
MR       .....                  (no boots)
Stlth    ++........             (no amulet)
HPRegen  0.00/turn              (no ring)
MPRegen  0.08/turn              (no ring)

@: rotting
A: rotting body, claws 1, carnivore, cold resistance 1, negative energy
resistance 3, inhibited regeneration, torment resistance, unbreathing
a: no special abilities


You were on level 1 of the Dungeon.
You were not hungry.

You visited 1 branch of the dungeon, and saw 1 of its levels.

You collected 32 gold pieces.

Inventory:

Hand Weapons
 b - a +0 short sword (weapon)
Armour
 a - a +0 robe (worn)
Comestibles
 c - a ration


   Skills:
 + Level 1.7 Dodging
 + Level 2.1 Stealth
 + Level 1.7 Spellcasting
 + Level 4.2 Necromancy


You had 2 spell levels left.
You knew the following spells:

 Your Spells              Type           Power        Failure   Level  Hunger
a - Pain                  Necr           #...         5%          1    ##.....

Your spell library contained the following spells:

 Spells                   Type           Power        Failure   Level  Hunger
 Animate Skeleton         Necr           N/A          5%          1    ##.....
 Vampiric Draining        Necr           #.........   17%         3    ####...
 Animate Dead             Necr           N/A          50%         4    #####..
 Agony                    Necr           #.......     83%         5    ######.


Dungeon Overview and Level Annotations

Branches:
Dungeon (1/15)

Altars:


Innate Abilities, Weirdness & Mutations

Your body is rotting away.
You thrive on raw meat.
You are immune to poison.
You have sharp fingernails.
You are carnivorous and can eat meat at any time.
Your flesh is cold resistant. (rC+)
You are immune to negative energy. (rN+++)
You do not regenerate when monsters are visible.
You are immune to unholy pain and torment.
You can survive without breathing.


Message History

Press: ? - help, Shift-Dir - straight line, f/p - goblin
Aim: a goblin, wielding a +0 club (heavily wounded, chance to defeat MR: 76%)
You miscast Pain.
You are very lightly contaminated with residual magic.
Nothing appears to happen.
The ooze quivers.
The goblin hits you with a +0 club.
You closely miss the goblin.
The goblin is moderately wounded.
The goblin hits you with a +0 club.
* * * LOW HITPOINT WARNING * * *
The ooze jiggles.
Your magical contamination has completely faded away.
Casting: Pain (safe; 5% risk of failure)
Confirm with . or Enter, or press ? or * to list all spells.
Aiming: Pain (safe; 5% risk of failure)
Press: ? - help, Shift-Dir - straight line, f/p - goblin
Aim: a goblin, wielding a +0 club (chance to defeat MR: 76%)
The goblin writhes in agony.
The goblin hits you with a +0 club.
You die...

#......##....###...##........##
#....>........................#
#.....................J........
#..........#........#..........
#........#.#........##.........
###......#....#.#+#............
#............#................
#............###.#.##..#####..
.............@gJ..............
#....#......#######.#########.
##########....#####.# #.
#..#†....#.. #. #..#####.###.
#. #..# #.....#. #. #...
#.###.# # #. #...##.#<#...
#...##.#.#####


You could see an ooze and a goblin.

Vanquished Creatures
  A dart slug (D:1)
  2 ball pythons (D:1)
3 creatures vanquished.

Notes
Turn   | Place    | Note
-------+----------+-------------------------------------------
     0 | D:1      | MadCatMage the Ghoul Necromancer began the quest for the
                  | Orb.
     0 | D:1      | Reached XP level 1. HP: 14/14 MP: 2/2
   124 | D:1      | Slain by a goblin

Illustrated notes

Levels and vault maps discovered:
D:1:      elethiomel_arrival_maze, layout_basic, serial_bayou_pond_e,
          interstate_on_off, chequers_serial_rivers_large_b

Action                   || total
-------------------------++-------
Melee: Unarmed           ||     6
       Short sword       ||     4
 Cast: Pain              ||     6
  Use: Scroll            ||     2
Armor: Robe              ||     1
Dodge: Dodged            ||     6
